 Dungeon Crawl Stone Soup version 0.21.1-1-g345015fe64 (webtiles) character file.

2538 Lentor the Carver (level 9, -2/79 HPs)
             Began as a Minotaur Berserker on June 20, 2018.
             Was a High Priest of Trog.
             Slain by Gastronok (15 damage)
             ... on level 8 of the Dungeon.
             The game lasted 00:12:19 (6931 turns).

Lentor the Carver (Minotaur Berserker)              Turns: 6931, Time: 00:12:19

Health: -2/79      AC: 19    Str: 26    XL:     9   Next: 30%
Magic:  8/8        EV:  7    Int:  4    God:    Trog [*****.]
Gold:   264        SH: 10    Dex: 13    Spells: 8/8 levels left

rFire    . . .     SeeInvis .   a - +1 falchion
rCold    . . .     Gourm    .   u - +0 shield
rNeg     . . .     Faith    .   b - +0 plate armour
rPois    .         Spirit   .   s - +2 hat
rElec    .         Reflect  .   (no cloak)
rCorr    .         Harm     .   y - +1 pair of gloves
MR       .....                  e - +0 pair of boots
Stlth    ..........             (no amulet)
HPRegen  0.23/turn              p - +4 ring of dexterity
MPRegen  0.11/turn              (no ring)

@: slowed, very slow
A: retaliatory headbutt, horns 2
a: Berserk, Trog's Hand, Brothers in Arms, Burn Spellbooks, Renounce Religion


You were on level 8 of the Dungeon.
You worshipped Trog.
Trog was extremely pleased with you.
You were not hungry.

You visited 2 branches of the dungeon, and saw 9 of its levels.

You collected 264 gold pieces.

Inventory:

Hand Weapons
 a - a +1 falchion (weapon)
Armour
 b - a +0 plate armour (worn)
 e - a +0 pair of boots (worn)
 s - a +2 hat (worn)
 u - a +0 shield (worn)
 y - a +1 pair of gloves (worn)
Jewellery
 p - a +4 ring of dexterity (left hand)
Wands
 g - a wand of flame (17)
 j - a wand of iceblast (5)
 v - a wand of random effects (20)
Scrolls
 i - 4 scrolls of teleportation
 k - 5 scrolls of remove curse
 n - 3 scrolls of identify
 r - a scroll of blinking
 t - a scroll of fear
 E - a scroll of enchant weapon
Potions
 d - 2 potions of degeneration
 f - 2 potions of lignification {unknown}
 h - a potion of brilliance {unknown}
 m - a potion of invisibility {unknown}
 o - 3 potions of curing
 w - a potion of agility {unknown}
 z - 2 potions of haste {unknown}
 A - a potion of heal wounds {unknown}
 B - a potion of ambrosia {unknown}
 D - a potion of might {unknown}
Comestibles
 c - 9 rations


   Skills:
 + Level 7.5 Fighting
 + Level 10.0 Long Blades
 + Level 8.1 Armour
 + Level 3.6 Dodging
 + Level 1.2 Stealth
 + Level 4.5 Shields


You had 8 spell levels left.
You didn't know any spells.

Dungeon Overview and Level Annotations

Branches:
Dungeon (8/15)             Temple (1/1) D:6
   Lair: D:8-11

Altars:
Ashenzari
Cheibriados
Dithmenos
Elyvilon
Fedhas
Gozag
Hepliaklqana
Kikubaaqudgha
Makhleb
Nemelex Xobeh
Okawaru
Qazlal
Ru
Sif Muna
Trog
Uskayaw
Vehumet
Wu Jian
Xom
Yredelemnul
Zin
The Shining One

Shops:
D:6 }

Annotations:
D:8 Gastronok


Innate Abilities, Weirdness & Mutations

You reflexively headbutt those who attack you in melee.
You have a pair of horns on your head.


Message History

* * * LOW HITPOINT WARNING * * *
You are too injured to fight recklessly!
You are too injured to fight recklessly!
You are too injured to fight recklessly!
You are too injured to fight recklessly!
You are too injured to fight recklessly!
You are too injured to fight recklessly!
You are too injured to fight recklessly!
You are too injured to fight recklessly!
You are too injured to fight recklessly!
You are too injured to fight recklessly!
You are too injured to fight recklessly!
You are too injured to fight recklessly!
You are too injured to fight recklessly!
You are too injured to fight recklessly!
You are too injured to fight recklessly!
You slash Gastronok!
Gastronok is severely wounded.
Gastronok bites you!
You die...

######)####*,,,,,,,*,,,,,,,,,**#
#.........#*,......#,,,,,,,,,* #
#.........#*,......###'*****,***
#.........#**#.........,**,,,,,*
#.........# #.........,**,,,,,*
#.........# #.........,**,,,,,*
##.........# #.........,**,,,,,*
...........####.........,**,,,,,*
#...............@w......,,,,,,,,*
........###.###.........,,*,,,,,*
#.####### #.# ######.##.*,*,,,,,*
*,* #.# *,..,*,*,,,,,* *,* #.#
****#*,*,,,,,* *,* #.# *,*,,,,,*
*,* #.# *,***#### *,* #.#
*,,,,.... *,* #.# *****####


You could see Gastronok.

Vanquished Creatures
  Grinder (D:4)
  A hippogriff (D:7)
  2 orc warriors (D:8)
  An ice beast (D:7)
  A sky beast (D:5)
  3 ogres
  2 centaurs
  Blork the orc (D:4)
  A bullfrog (D:6)
  2 scorpions
  4 howler monkeys
  A centaur zombie (D:5)
  4 crimson imps
  A quasit (D:7)
  A gnoll shaman (D:7)
  4 hounds
  4 orc priests
  An iguana (D:4)
  4 orc wizards
  Natasha (twice) (D:4)
  4 worker ants
  2 worker ant zombies (D:7)
  4 gnolls (D:7)
  4 adders
  A shadow imp (D:5)
  2 oozes
  2 adder zombies
  An adder skeleton (D:7)
  4 worms
  4 dart slugs
  5 leopard geckos
  31 orcs
  7 giant cockroaches
  2 goblins
  3 hobgoblins
  14 jackals
  3 quokkas
  A ball python (D:1)
  3 bats
  5 frilled lizards
  10 kobolds
  8 rats
161 creatures vanquished.

Vanquished Creatures (others)
  An ogre (D:7)
  A centaur (D:7)
  A water moccasin zombie (D:7)
  A howler monkey (D:7)
  2 orc wizards (D:7)
  An adder (D:7)
  3 orcs (D:7)
10 creatures vanquished.

Grand Total: 171 creatures vanquished

Notes
Turn   | Place    | Note
-------+----------+-------------------------------------------
     0 | D:1      | Lentor the Minotaur Berserker began the quest for the Orb.
     0 | D:1      | Reached XP level 1. HP: 19/19 MP: 0/0
    70 | D:1      | Reached skill level 4 in Long Blades
    70 | D:1      | Reached XP level 2. HP: 17/27 MP: 1/1
   658 | D:1      | Reached XP level 3. HP: 33/33 MP: 2/2
   764 | D:2      | Reached ** piety under Trog
  1494 | D:3      | Reached skill level 5 in Long Blades
  2112 | D:4      | Reached XP level 4. HP: 40/40 MP: 3/3
  2125 | D:4      | HP: 2/40 [orc priest/divine providence (11)]
  2436 | D:4      | Noticed Natasha
  2441 | D:4      | Killed Natasha
  2468 | D:4      | Reached XP level 5. HP: 37/47 MP: 4/4
  2471 | D:4      | Reached skill level 6 in Long Blades
  2705 | D:4      | Reached XP level 6. HP: 48/55 MP: 5/5
  2801 | D:4      | Reached *** piety under Trog
  2811 | D:4      | Reached skill level 5 in Fighting
  2848 | D:4      | Noticed Natasha
  2852 | D:4      | Killed Natasha
  2852 | D:4      | Reached skill level 1 in Stealth
  2946 | D:4      | Noticed Blork the orc
  2960 | D:4      | Reached skill level 7 in Long Blades
  2966 | D:4      | Killed Blork the orc
  2966 | D:4      | Reached XP level 7. HP: 30/61 MP: 6/6
  3330 | D:4      | Noticed Grinder
  3334 | D:4      | Paralysed by Grinder for 6 turns
  3344 | D:4      | Killed Grinder
  3344 | D:4      | Reached skill level 5 in Armour
  3858 | D:5      | Entered Level 5 of the Dungeon
  3882 | D:5      | Reached skill level 8 in Long Blades
  3951 | D:5      | Found a snail-covered altar of Cheibriados.
  3951 | D:5      | Found a bloodstained altar of Trog.
  4059 | D:5      | Reached skill level 1 in Shields
  4212 | D:5      | Reached XP level 8. HP: 70/70 MP: 7/7
  4306 | D:5      | Found a blossoming altar of Fedhas.
  4736 | D:6      | Found Vickam's Gadget Emporium.
  4848 | D:6      | Found a staircase to the Ecumenical Temple.
  4855 | Temple   | Entered the Ecumenical Temple
  5357 | D:7      | Reached **** piety under Trog
  5695 | D:7      | Reached skill level 9 in Long Blades
  5711 | D:7      | Noticed a hippogriff
  5719 | D:7      | Killed a hippogriff
  5774 | D:7      | Found a shimmering altar of Xom.
  6232 | D:8      | Reached XP level 9. HP: 75/78 MP: 8/8
  6704 | D:8      | Reached skill level 10 in Long Blades
  6707 | D:8      | Reached ***** piety under Trog
  6912 | D:8      | Noticed Gastronok
  6931 | D:8      | Slain by Gastronok

Skill      XL: |  1  2  3  4  5  6  7  8  9 |
---------------+----------------------------+-----
Fighting       | 4 5 6 7 |  7.5
Long Blades    | 4 5 6 7 8 9 10 | 10.0
Armour         | 3 4 6 7 8 |  8.1
Dodging        | 3 |  3.6
Stealth        | 1 |  1.2
Shields        | 1 3 4 |  4.5

Action                   |  1- 3 |  4- 6 |  7- 9 || total
-------------------------+-------+-------+-------++-------
Melee: Falchion          |    72 |    84 |   333 ||   489
       Headbutt          |    15 |    22 |   101 ||   138
Invok: Berserk           |       |     1 |     1 ||     2
       Burn Spellbooks   |       |     1 |     1 ||     2
  Use: Scroll            |       |       |    12 ||    12
  Eat: Chunk             |     2 |     2 |     8 ||    12
       Ration            |       |     1 |     2 ||     3
Armor: Animal skin       |     7 |       |       ||     7
       Plate armour      |     8 |    55 |   137 ||   200
Dodge: Dodged            |    50 |    24 |    58 ||   132
Block: Shield            |       |       |   130 ||   130
       Rpst.: Falchion   |     8 |     6 |    18 ||    32
